 Dungeon Crawl Stone Soup version 0.30.1-11-g7821555f0a (webtiles) character file.

Game seed: 13530678541730274120

25123 Ijustatesigmund the Thaumaturge (level 12, 0/79 HPs)
             Began as a Deep Elf Fire Elementalist on Dec 14, 2023.
             Was a High Priest of Vehumet.
             Shot with an arrow by a centaur warrior (9 damage)
             ... on level 13 of the Dungeon.
             The game lasted 00:52:40 (18518 turns).

Ijustatesigmund the Thaumaturge (DEFE)             Turns: 18518, Time: 00:52:41

Health: 0/79       AC: 15    Str:  5    XL:     12   Next: 86%
Magic:  26/31      EV: 11    Int: 32    God:    Vehumet [*****.]
Gold:   237        SH:  8    Dex: 15    Spells: 25/37 levels left

rFire   . . .        E - +2 short sword (drain)
rCold   . . .        n - +3 buckler of the Telling Gods {+Inv}
rNeg    . . .        a - +1 steam dragon scales
rPois   .            B - +2 helmet
rElec   .            (no cloak)
rCorr   .            p - +1 pair of gloves
SInv    .            (no boots)
Will    +....        x - amulet of magic regeneration
Stlth   ++           m - +4 ring of protection
HPRegen 0.33/turn    r - +6 ring of intelligence
MPRegen 0.62/turn

%: no passive effects
@: no status effects
A: no striking features
a: Renounce Religion, Evoke Invisibility


You were on level 13 of the Dungeon.
You worshipped Vehumet.
Vehumet was extremely pleased with you.
You visited 2 branches of the dungeon, and saw 14 of its levels.
You also visited: Bailey.

You collected 737 gold pieces.
You spent 500 gold pieces at shops.

Inventory:

Hand Weapons
 c - a +1 rapier
 y - a +1 scimitar of flaming
 E - a +2 short sword of draining (weapon)
Armour
 a - +1 steam dragon scales (worn)
 l - the +5 robe of Misfortune {Harm *Corrode *Slow EV+5}
   (You took it off a gnoll on level 7 of the Dungeon)

   EV:        It affects your evasion (+5).
   *Corrode:  It may corrode you when you take damage.
   *Slow:     It may slow you when you take damage.
   Harm:      It increases damage dealt and taken.
 n - the +3 buckler of the Telling Gods (worn) {+Inv}
   (You bought it in a shop on level 8 of the Dungeon)

   +Inv:      It lets you turn invisible.
 p - a +1 pair of gloves (worn)
 B - a +2 helmet (worn)
 Q - a +0 pair of boots
Jewellery
 f - a ring of willpower
 h - a +5 ring of evasion
 m - a +4 ring of protection (left hand)
 r - a +6 ring of intelligence (right hand)
 x - an amulet of magic regeneration (around neck)
 F - a ring of poison resistance
 H - a ring of magical power
 J - a ring of ice
Wands
 i - a wand of polymorph (21)
 q - a wand of flame (13)
 v - a wand of mindburst (8)
Scrolls
 b - 6 scrolls of enchant weapon
 d - 4 scrolls of teleportation
 k - 2 scrolls of magic mapping
 s - 4 scrolls of blinking
 t - 2 scrolls of amnesia
 A - 4 scrolls of fog
 G - a scroll of immolation
 K - a scroll of butterflies
 N - 2 scrolls of poison
 O - 3 scrolls of fear
 P - 2 scrolls of identify
Potions
 e - 2 potions of curing
 g - 3 potions of lignification
 o - 2 potions of berserk rage
 u - 2 potions of mutation
 w - a potion of attraction
 z - a potion of invisibility
 C - 2 potions of brilliance
 D - 2 potions of resistance
 L - 2 potions of flight {unknown}
 M - a potion of magic
Miscellaneous
 j - a phial of floods
 I - a phantom mirror (inert)


   Skills:
 + Level 10.9 Fighting
 - Level 1.0 Short Blades
 - Level 2.4 Dodging
 - Level 2.4 Stealth
 - Level 3.1 Shields
 + Level 13.3 Spellcasting
 - Level 9.0 Conjurations
 + Level 11.5 Fire Magic
 - Level 6.4 Ice Magic
 - Level 5.8 Air Magic
 - Level 6.4 Poison Magic
 - Level 1.2 Evocations


You had 25 spell levels left.
You knew the following spells:

 Your Spells              Type           Power      Damage    Failure   Level
a - Foxfire               Conj/Fire      100%       2x1d9     1%          1
b - Scorch                Fire           100%       2d9       1%          2
c - Flame Wave            Conj/Fire      72%        2d16      1%          4
d - Poisonous Vapours     Pois/Air       100%       N/A       1%          2
e - Frozen Ramparts       Ice            100%       1d16      1%          3

Your spell library contained the following spells:

 Spells                   Type           Power      Damage    Failure   Level
 Fireball                 Conj/Fire      36%        3d15      1%          5
 Inner Flame              Hex/Fire       55%        N/A       1%          3
 Volatile Blastmotes      Fire/Tloc      100%       2d18      1%          3
 Arcjolt                  Conj/Air       31%        1d41      1%          5
 Vhi's Electric Charge    Tloc/Air       80%        N/A       3%          3
 Plasma Beam              Fire/Air       33%        2x1d51    4%          6
 Sublimation of Blood     Necr           21%        N/A       6%          2
 Wereblood                Tmut           21%        N/A       6%          2
 Ice Form                 Ice/Tmut       42%        N/A       10%         4
 Summon Ice Beast         Ice/Summ       42%        N/A       10%         4
 Call Canine Familiar     Summ           21%        N/A       12%         3
 Gell's Gravitas          Tloc           21%        N/A       12%         3
 Portal Projectile        Hex/Tloc       42%        N/A       12%         3
 Teleport Other           Tloc           21%        N/A       12%         3
 Leda's Liquefaction      Hex/Erth       10%        N/A       36%         4
 Summon Mana Viper        Hex/Summ       21%        N/A       71%         5
 Dispersal                Tloc           10%        N/A       99%         6
 Monstrous Menagerie      Summ           10%        N/A       100%        7
 Summon Hydra             Summ           10%        N/A       100%        7


Dungeon Overview and Level Annotations

Branches:
Dungeon (13/15)            Temple (1/1) D:6            Lair (0/5) D:8
    Orc (0/2) D:9          Vaults (0/5) D:13         Bailey (visited)

Altars:
Ashenzari
Cheibriados
Dithmenos
Elyvilon
Fedhas
Gozag
Hepliaklqana
Kikubaaqudgha
Makhleb
Nemelex Xobeh
Okawaru
Qazlal
Ru
Sif Muna
Trog
Uskayaw
Vehumet
Wu Jian
Xom
Yredelemnul
Zin
The Shining One

Shops:
D:8 [!   D:12 ?

Annotations:
D:11 exclusion: 4 oklob plants


Message History

Confirm with . or Enter, or press ? or * to list all spells.
Aiming: Poisonous Vapours (safe; 1% risk of failure)
Press: ? - help, Dir - move target, f - centaur warrior
Aim: a centaur warrior, wielding a +0 longbow (wandering, hasn't noticed you) Poisonous vapours surround the centaur warrior!
The centaur warrior is poisoned.
The centaur warrior shoots an arrow.
The arrow hits you!
The centaur warrior shoots an arrow.
The arrow hits you but does no damage.
The centaur warrior shoots an arrow.
The arrow closely misses you.
The centaur warrior shoots an arrow.
You block the arrow.
The centaur warrior shoots an arrow.
The arrow hits you!
The centaur warrior shoots an arrow.
The arrow hits you!
Okay, then.
The centaur warrior shoots an arrow.
The arrow hits you but does no damage.
Casting: Poisonous Vapours (safe; 1% risk of failure)
Confirm with . or Enter, or press ? or * to list all spells.
Casting: Flame Wave (safe; 1% risk of failure)
Press: ? - help, Dir - look around, f - activate A wave of flame ripples out! (Press . to intensify the flame waves.)
The centaur warrior shoots an arrow.
The arrow hits you but does no damage.
A wave of flame ripples out!
The flame wave engulfs the centaur warrior.
The centaur warrior is lightly wounded.
The centaur warrior shoots an arrow.
The arrow hits you!
* * * LOW HITPOINT WARNING * * *
Unknown command.
A wave of flame ripples out!
The flame wave engulfs the centaur warrior!!
The centaur warrior is severely wounded.
The centaur warrior shoots an arrow.
The arrow hits you.
* * * LOW HITPOINT WARNING * * *
The centaur warrior shoots an arrow.
The arrow hits you!
* * * LOW HITPOINT WARNING * * *
A wave of flame ripples out!
The flame wave engulfs the centaur warrior.
The centaur warrior is severely wounded.
You finish channelling waves of flame.
The centaur warrior shoots an arrow.
The arrow hits you!
You die...

........#### #..#######......#..
........#∩....#..#.....#......#..
........#.....#..#.....#<...<.#..
........#.....#..#.....#......#..
........#.....#..#.....#......#..
........#.....#..#.....#......#..
........####''#..#''####......#..
..............................#.†
................@.............'..
.†......####''#..#######......#..
........#..)..#.c).....#......#..
##......#.)...#..(.....#......###
.#......#.....#..#.....#......#..
.'......#.....#..#.....#......#..
.#......#....[#..#.....#......#..
.#......#######..# #####......#..
##...............# #......#..


You could see a centaur warrior (very poisoned).

Vanquished Creatures
  Fannar (D:11)
  3 boulder beetles
  4 two-headed ogres
  Erica (D:10)
  A tengu warrior (D:13)
  2 deep elf pyromancers
  An ugly thing (D:12)
  3 cyclopes
  2 gargoyles
  Maggie (D:8)
  A komodo dragon (D:13)
  A rime drake (D:8)
  2 trolls
  3 meliai (D:13)
  A hornet (D:10)
  6 slime creatures
  A shadow (D:11)
  2 wraiths
  Grum (D:8)
  3 wyverns (D:9)
  38 yaks
  3 vampire mosquitoes (D:13)
  A redback (shapeshifter) (D:10)
  3 acid dragons
  A water moccasin (D:8)
  A floating eye (D:11)
  6 ice beasts
  12 orc warriors
  An ogre (D:3)
  6 wolves (D:8)
  5 centaurs
  3 phantoms
  3 kobold brigands
  A gnoll sergeant (D:7)
  3 scorpions
  A bullfrog (D:7)
  12 wights
  8 killer bees
  4 electric eels (D:11)
  8 howler monkeys
  2 hounds
  4 jellies
  4 orc priests
  3 gnoll boudas (D:8)
  2 sleepcaps
  4 iguanas
  7 orc wizards
  6 adders
  20 gnolls
  2 shadow imps
  An ufetubus (D:5)
  A worm (D:2)
  A dart slug (D:2)
  38 orcs
  7 bats (D:2)
  12 endoplasms
  3 giant cockroaches
  12 goblins
  7 hobgoblins
  5 jackals
  5 quokkas
  13 ball pythons
  3 frilled lizards (D:1)
  22 kobolds
  6 rats
350 creatures vanquished.

Vanquished Creatures (collateral kills)
  3 foxfires
3 creatures vanquished.

Vanquished Creatures (others)
  568 foxfires
568 creatures vanquished.

Grand Total: 921 creatures vanquished

Notes
Turn   | Place    | Note
-------+----------+-------------------------------------------
     0 | D:1      | Ijustatesigmund the Deep Elf Fire Elementalist began the
                  | quest for the Orb.
     0 | D:1      | Reached XP level 1. HP: 10/10 MP: 6/6
   110 | D:1      | Reached XP level 2. HP: 10/15 MP: 1/8
   116 | D:1      | Learned a level 2 spell: Scorch
   826 | D:2      | Reached XP level 3. HP: 20/20 MP: 6/10
   898 | D:2      | Reached skill level 4 in Spellcasting
   904 | D:2      | Reached skill level 1 in Fighting
  1580 | D:3      | Reached XP level 4. HP: 25/25 MP: 10/12
  1601 | D:3      | Learned a level 4 spell: Flame Wave
  1637 | D:3      | Reached skill level 1 in Short Blades
  1885 | D:3      | Noticed an ogre
  1936 | D:3      | Found a broken altar of Ashenzari.
  2120 | D:4      | Reached XP level 5. HP: 29/29 MP: 8/14
  2290 | D:4      | Reached skill level 5 in Spellcasting
  2626 | D:4      | HP: 1/29 [orc/+2 heavy trident (14)]
  3209 | D:5      | Entered Level 5 of the Dungeon
  3224 | D:5      | Reached skill level 5 in Fire Magic
  3258 | D:5      | Noticed a phantom
  3273 | D:5      | Killed a phantom
  3274 | D:5      | Reached XP level 6. HP: 34/34 MP: 10/16
  3329 | D:5      | HP: 1/34 [phantom (6)]
  3652 | D:3      | Reached skill level 6 in Spellcasting
  4047 | D:5      | Found an opulent altar of Gozag.
  4156 | D:5      | Reached XP level 7. HP: 38/38 MP: 15/18
  4514 | D:5      | Reached skill level 7 in Spellcasting
  5068 | D:6      | Found an iron altar of Okawaru.
  5107 | D:5      | Reached skill level 5 in Conjurations
  5489 | D:6      | Reached XP level 8. HP: 43/43 MP: 15/21
  5748 | D:6      | Found a staircase to the Ecumenical Temple.
  6029 | Temple   | Entered the Ecumenical Temple
  6149 | Temple   | Became a worshipper of Vehumet
  6196 | D:6      | Reached skill level 8 in Spellcasting
  6671 | D:6      | Found a bloodstained altar of Trog.
  7241 | D:7      | Noticed a boulder beetle
  7259 | D:7      | Killed a boulder beetle
  7260 | D:7      | Reached skill level 9 in Spellcasting
  7260 | D:7      | Reached XP level 9. HP: 9/47 MP: 13/24
  7402 | D:7      | Reached * piety under Vehumet
  7402 | D:7      | Offered knowledge of Magic Dart by Vehumet.
  7721 | D:7      | Reached skill level 10 in Spellcasting
  8128 | D:8      | Found Koklegu's Antique Armour Emporium.
  8138 | D:8      | Bought a warped buckler for 209 gold pieces
  8138 | D:8      | Identified the +3 buckler of the Telling Gods {+Inv} (You
                  | bought it in a shop on level 8 of the Dungeon)
  8188 | D:8      | Found Agotepp's Distillery.
  8194 | D:8      | Reached skill level 1 in Shields
  8207 | D:8      | Offered knowledge of Sandblast by Vehumet.
  8208 | D:8      | Reached ** piety under Vehumet
  8209 | D:8      | Reached skill level 11 in Spellcasting
  8209 | D:8      | Reached XP level 10. HP: 44/52 MP: 25/27
  8215 | D:8      | Noticed Grum
  8222 | D:8      | Found a flagged portal.
  8226 | D:8      | Killed Grum
  8247 | Bailey   | Entered a bailey
  8909 | Bailey   | Reached skill level 10 in Fire Magic
  9148 | Bailey   | Reached skill level 1 in Evocations
  9148 | Bailey   | Noticed an orc knight
  9498 | D:8      | Bought a potion of lignification for 39 gold pieces
  9523 | D:8      | Offered knowledge of Poisonous Vapours by Vehumet.
  9531 | D:8      | Learned a level 2 spell: Poisonous Vapours
  9591 | D:8      | Reached skill level 5 in Fighting
  9951 | D:8      | Found a staircase to the Lair.
  9989 | D:8      | Learned a level 3 spell: Frozen Ramparts
 10259 | D:8      | Noticed Maggie
 10272 | D:8      | Killed Maggie
 10272 | D:8      | Reached *** piety under Vehumet
 10273 | D:8      | Reached skill level 1 in Ice Magic
 10273 | D:8      | Reached skill level 1 in Air Magic
 10273 | D:8      | Reached skill level 1 in Poison Magic
 11013 | D:9      | Reached XP level 11. HP: 66/66 MP: 21/28
 11559 | D:9      | Found a staircase to the Orcish Mines.
 11801 | D:9      | Offered knowledge of Mephitic Cloud by Vehumet.
 12127 | D:10     | Entered Level 10 of the Dungeon
 12447 | D:10     | Noticed a fire crab
 12618 | D:10     | Reached **** piety under Vehumet
 12948 | D:10     | Noticed Erica
 12958 | D:10     | Killed Erica
 13063 | D:10     | Reached skill level 5 in Ice Magic
 13064 | D:10     | Reached skill level 5 in Poison Magic
 13067 | D:10     | Offered knowledge of Airstrike by Vehumet.
 13369 | D:10     | Found Jigepsoi's Jewellery Shop.
 13576 | D:11     | Reached skill level 5 in Air Magic
 13827 | D:11     | Identified the +6 dagger "Wun Baest" {venom, Will- Int+7
                  | Dex+3}
 13858 | D:11     | Noticed a two-headed ogre
 13869 | D:11     | Killed a two-headed ogre
 14153 | D:11     | Noticed Fannar
 14162 | D:11     | Killed Fannar
 14360 | D:11     | Reached XP level 12. HP: 75/75 MP: 29/29
 15672 | D:12     | Noticed a two-headed ogre
 15677 | D:12     | Killed a two-headed ogre
 16113 | D:12     | Reached skill level 12 in Spellcasting
 16176 | D:12     | Noticed a two-headed ogre
 16182 | D:12     | Killed a two-headed ogre
 16183 | D:12     | Reached skill level 10 in Fighting
 16387 | D:12     | Found Epoysuho's Magic Scroll Shop.
 16390 | D:12     | Bought a scroll of poison for 56 gold pieces
 16390 | D:12     | Bought 2 scrolls of fear for 112 gold pieces
 16390 | D:12     | Bought a scroll of identify for 28 gold pieces
 16390 | D:12     | Bought a scroll of poison for 56 gold pieces
 17011 | D:13     | Noticed a boulder beetle
 17022 | D:13     | Killed a boulder beetle
 17086 | D:13     | Noticed a tengu warrior
 17090 | D:13     | Killed a tengu warrior
 17170 | D:13     | Identified the +8 chain mail "Huhi" {Dex+3 Slay-6 Stlth+}
 17987 | D:13     | Noticed a boulder beetle
 17992 | D:13     | Noticed a two-headed ogre
 17996 | D:13     | Reached ***** piety under Vehumet
 18000 | D:13     | Killed a two-headed ogre
 18000 | D:13     | Noticed a centaur warrior
 18001 | D:13     | Reached skill level 13 in Spellcasting
 18003 | D:13     | Noticed an ironbound preserver
 18357 | D:13     | Killed a boulder beetle
 18432 | D:13     | Found a gate to the Vaults.
 18447 | D:13     | Offered knowledge of Fireball by Vehumet.
 18518 | D:13     | Shot with an arrow by a centaur warrior

Illustrated notes

Levels and vault maps discovered:
D:1:      lemuel_arrival_cross, layout_rooms, minmay_pentomino_p4
D:2:      layout_rooms
D:3:      layout_rooms, cheibrodos_ashenzari_chains
D:4:      layout_loops_ring
D:5:      layout_cave_pools, mainiacjoe_overflow_concentric_impassable,
          serial_park, serial_park_square3 [serial_park_minivault_5x5_6],
          serial_park_square2, serial_park_tiny_1, serial_park_tiny_1,
          minmay_tree_intersection
D:6:      layout_rooms, bloody_trog, okawaru_altar_gauntlet_db,
          minmay_temple_entry_sparse_star
D:7:      layout_rooms
D:8:      layout_gridville, hellmonk_lair_entry_icy, enter_bailey_5,
          serial_shops, shop, nicolae_shop_peninsula, uniq_maggie, uniq_grum
D:9:      layout_irregular_city, orc_0_dummy
D:10:     layout_cave_pools, serial_shops, nicolae_shop_behind_doors, uniq_erica
D:11:     layout_basic, disabler_island, uniq_fannar
D:12:     layout_grid_maze, serial_shops, nicolae_shop_rolled_up
D:13:     layout_gridville, skrybe_vaults_entry_preservation
Temple:   mainiacjoe_temple_coin_purse

Skill      XL: |  1  2  3  4  5  6  7  8  9 10 11 12 |
---------------+-------------------------------------+-----
Spellcasting   | 4 5 6 7 9 11 13 | 13.3
Fire Magic     | 4 5 6 8 9 10 11 | 11.5
Fighting       | 1 6 8 10 | 10.9
Short Blades   | 1 |  1.0
Conjurations   | 2 3 5 7 8 9 |  9.0
Shields        | 2 3 |  3.1
Evocations     | 1 |  1.2
Ice Magic      | 2 6 |  6.4
Air Magic      | 2 5 |  5.8
Poison Magic   | 2 6 |  6.4
Dodging        | |  2.4
Stealth        | |  2.4

Action                     |  1- 3 |  4- 6 |  7- 9 | 10-12 || total
---------------------------+-------+-------+-------+-------++-------
  Melee: Rapier            |       |     9 |     1 |       ||    10
         Short sword       |       |       |       |    27 ||    27
   Cast: Foxfire           |    65 |    60 |    70 |   132 ||   327
         Scorch            |     9 |    28 |    50 |   107 ||   194
         Flame Wave        |       |     1 |    13 |    64 ||    78
         Poisonous Vapours |       |       |       |    22 ||    22
         Frozen Ramparts   |       |       |       |     6 ||     6
  Evoke: Wand              |       |       |       |    11 ||    11
         Phantom mirror    |       |       |       |     1 ||     1
    Use: Scroll            |       |     1 |    18 |    10 ||    29
         Potion            |       |     2 |     1 |     5 ||     8
   Stab: Sleeping          |       |       |       |     2 ||     2
         Distracted        |       |       |       |     1 ||     1
 Armour: Robe              |     4 |    18 |    18 |    10 ||    50
         Steam dragon scal |       |       |       |    57 ||    57
  Dodge: Dodged            |    14 |    38 |    49 |   111 ||   212
  Block: Buckler           |       |       |     5 |   104 ||   109
